 Dungeon Crawl Stone Soup version 0.29.1-2-gbd0b4ee654 (webtiles) character file.

Game seed: 10375445725133347615

183 Icepheonix32 the Insei (level 5, -1/40 HPs)
             Began as a Demigod Transmuter on Nov 4, 2022.
             Slain by an orc
             ... wielding a +0 dagger
              (3 damage)
             ... on level 3 of the Dungeon.
             The game lasted 00:04:01 (2725 turns).

Icepheonix32 the Insei (Demigod Transmuter)         Turns: 2725, Time: 00:04:01

Health: -1/40      AC:  4    Str: 11    XL:     5   Next: 13%
Magic:  11/11      EV: 12    Int: 19    God:
Gold:   121        SH:  0    Dex: 14    Spells: 7/8 levels left

rFire   . . .      SeeInvis .     - Unarmed
rCold   . . .      Faith    .   (no shield)
rNeg    . . .      Spirit   .   a - +0 robe
rPois   .          Reflect  .   (no helmet)
rElec   .          Harm     .   (no cloak)
rCorr   .          Rampage  .   (no gloves)
Will    .....                   (no boots)
Stlth   +.........              (no amulet)
HPRegen 0.13/turn               (no ring)
MPRegen 0.12/turn               (no ring)

@: about to teleport, on berserk cooldown, slowed, very slow
A: high MP 1, forlorn, divine attributes, iridescent scales 1
a: no special abilities


You were on level 3 of the Dungeon.
You visited 1 branch of the dungeon, and saw 3 of its levels.

You collected 121 gold pieces.

Inventory:

Armour
 a - a +0 robe (worn)
Wands
 b - a wand of polymorph (7)
Scrolls
 c - a scroll of teleportation
Potions
 g - a potion of degeneration


   Skills:
 + Level 1.1 Fighting
 + Level 2.6 Dodging
 + Level 0.5 Stealth
 + Level 3.7 Unarmed Combat
 + Level 2.4 Spellcasting
 * Level 3.2 Transmutations


You had 7 spell levels left.
You knew the following spells:

 Your Spells              Type           Power      Damage    Failure   Level
a - Beastly Appendage     Tmut           28%        N/A       4%          1

Your spell library contained the following spells:

 Spells                   Type           Power      Damage    Failure   Level
 Wereblood                Tmut           14%        N/A       6%          2
 Spider Form              Tmut/Pois      8%         N/A       26%         3
 Ice Form                 Ice/Tmut       8%         N/A       63%         4


Dungeon Overview and Level Annotations

Branches:
Dungeon (3/15)

Annotations:
D:2 Sigmund


Innate Abilities, Weirdness & Mutations

You have an increased reservoir of magic. (+10% MP)
You shall have no god before yourself.
Your divine heritage dramatically boosts your attributes as you level up.
You are partially covered in iridescent scales. (AC +2)


Message History

Your horns disappear.
Your talons disappear.
The orc priest hits you with a +0 dagger.
* * * LOW HITPOINT WARNING * * *
Things that are here:
a +0 whip; a hound corpse Unknown command.
You closely miss the orc priest.
The orc priest hits you with a +0 dagger.
* * * LOW HITPOINT WARNING * * *
You closely miss the orc priest. You hit the orc priest.
Your punch misses the orc priest.
The orc priest is lightly wounded.
The orc priest hits you with a +0 dagger.
* * * LOW HITPOINT WARNING * * *
You closely miss the orc priest.
The orc priest is lightly wounded.
You hit the orc priest.
The orc priest is moderately wounded.
The orc priest hits you with a +0 dagger.
* * * LOW HITPOINT WARNING * * *
You hit the orc priest.
The orc priest is severely wounded.
The orc priest hits you with a +0 dagger.
* * * LOW HITPOINT WARNING * * *
You barely miss the orc priest.
The orc priest is severely wounded.
You hit the orc priest.
You kill the orc priest!
You have reached level 5!
You are no longer berserk.
You are exhausted.
You feel yourself slow down.
Things that are here:
a +0 whip; a hound corpse
Okay, then.
As you read the scroll of teleportation, it crumbles to dust.
You feel strangely unstable. The orc hits you but does no damage.
The orc closely misses you. The orc attacks as you move away!
The orc hits you with a +0 dagger.
You die...

# #.#.####.#.# #.
#.#........# #.
###.#.####.#.##### #..
...#.....).......
#.#####.#.#.#...###...
#...............# #...
#...#))......#..###...
#..#o##o#.#....#..#.....
#. #. #@#.........#.....
.. #. #.#.........#.....
.. #. #.#.........#.....
. .. #...#.#.#...######
#. #...........# oo
###.###### . ##


You could see an orc.

Vanquished Creatures
  2 orc priests (D:3)
  A hound (D:3)
  Terence (D:2)
  3 adders (D:2)
  A worm (D:2)
  A dart slug (D:1)
  2 bats (D:1)
  4 endoplasms
  A giant cockroach (D:1)
  3 hobgoblins
  3 quokkas (D:2)
  7 ball pythons
  2 frilled lizards (D:2)
  2 goblins
  6 kobolds
  A rat (D:1)
40 creatures vanquished.

Notes
Turn   | Place    | Note
-------+----------+-------------------------------------------
     0 | D:1      | Icepheonix32 the Demigod Transmuter began the quest for the
                  | Orb.
     0 | D:1      | Reached XP level 1. HP: 15/15 MP: 5/5
   446 | D:1      | Reached XP level 2. HP: 19/22 MP: 5/7
  1576 | D:2      | Noticed Terence
  1591 | D:2      | Killed Terence
  1592 | D:2      | Reached skill level 1 in Fighting
  1592 | D:2      | Reached XP level 3. HP: 28/28 MP: 8/8
  1798 | D:2      | Reached XP level 4. HP: 35/35 MP: 8/10
  1814 | D:2      | Noticed Sigmund
  2589 | D:3      | Gained mutation: You sometimes lose your temper in combat.
                  | [potion of mutation]
  2589 | D:3      | Gained mutation: You are partially covered in iridescent
                  | scales. (AC +2) [potion of mutation]
  2589 | D:3      | Lost mutation: You sometimes lose your temper in combat.
                  | [potion of mutation]
  2717 | D:3      | HP: 2/52 [orc priest/+0 dagger (3)]
  2720 | D:3      | Reached XP level 5. HP: 2/40 MP: 11/11
  2725 | D:3      | Slain by an orc

Illustrated notes

Levels and vault maps discovered:
D:1:      lemuel_arrival_rhombus, layout_basic
D:2:      layout_basic, uniq_sigmund, uniq_terence
D:3:      minmay_spotlight, layout_basic, minitemple, lemuel_tele_altar

Skill      XL: |  1  2  3  4 |
---------------+-------------+-----
Transmutations | 2 3 |  3.2
Spellcasting   | 2 |  2.4
Unarmed Combat | 3 |  3.7
Dodging        | 2 |  2.6
Fighting       | 1 |  1.1
Stealth        | |  0.5

Action                   |  1- 3 |  4- 6 || total
-------------------------+-------+-------++-------
Melee: Unarmed           |    87 |    43 ||   130
       Kick              |    21 |     8 ||    29
       Headbutt          |    12 |     2 ||    14
       Punch             |     2 |       ||     2
 Cast: Beastly Appendage |    21 |     5 ||    26
  Use: Potion            |     1 |     5 ||     6
       Scroll            |       |     8 ||     8
 Stab: Sleeping          |       |     1 ||     1
Armor: Robe              |     9 |     7 ||    16
       Skin              |     7 |       ||     7
Dodge: Dodged            |    53 |    23 ||    76
